 Dungeon Crawl Stone Soup version 0.31-a0-152-g6aa68a64a1 (webtiles) character file.

Game seed: 17009432077007279927

86 qw the Shooter (level 4, -7/38 HPs)
             Began as a Minotaur Hunter on June 10, 2023.
             Mangled by an iguana (11 damage)
             ... on level 3 of the Dungeon.
             The game lasted 00:00:45 (2420 turns).

qw the Shooter (Minotaur Hunter)                    Turns: 2420, Time: 00:00:45

Health: -7/38      AC:  5    Str: 15    XL:     4   Next: 27%
Magic:  3/3        EV: 11    Int:  6    God:
Gold:   82         SH:  0    Dex: 16    Spells: 3/3 levels left

rFire   . . .        Y - +0 shortbow
rCold   . . .        (shield currently unavailable)
rNeg    . . .        i - +0 ring mail
rPois   .            (helmet restricted)
rElec   .            (no cloak)
rCorr   .            (no gloves)
SInv    .            (no boots)
Will    .....        (no amulet)
Stlth   +            (no ring)
HPRegen 0.26/turn    (no ring)
MPRegen 0.08/turn

%: no passive effects
@: no status effects
A: horns 2, retaliatory headbutt
a: no special abilities


You were on level 3 of the Dungeon.
You visited 1 branch of the dungeon, and saw 4 of its levels.

You collected 170 gold pieces.
You spent 88 gold pieces at shops.


Innate Abilities, Weirdness & Mutations

You have a pair of horns on your head.
You reflexively headbutt those who attack you in melee.


   Skills:
 + Level 3.1 Fighting
 - Level 6.0 Ranged Weapons
 - Level 1.0 Armour
 - Level 2.1 Dodging
 - Level 0.7 Stealth


You had 3 spell levels left.
You didn't know any spells.
Your spell library was empty.

Inventory:

Hand Weapons
 Y - a +0 shortbow (weapon)
Armour
 i - a +0 ring mail (worn)
Scrolls
 d - a scroll of identify
Potions
 a - a potion of invisibility {unknown}
 b - a potion of might {unknown}
 e - 4 potions of curing
 f - a potion of brilliance {unknown}
 g - a potion of mutation {unknown}
 h - a potion of heal wounds {unknown}
 j - a potion of berserk rage {unknown}

Dungeon Overview and Level Annotations

Branches:
Dungeon (4/15)
 Temple: D:4-7

Altars:
Dithmenos
The Shining One

Shops:
D:1 !=?   D:2 *


Message History

Really abort (and waste the scroll)?
Done exploring.
(D) Dungeon
Where to? (* - list waypoints, Enter - D:3, ? - help)
What level of the Dungeon? (default 1, ? - help)
You see here a +0 club.
There is a stone staircase leading down here.
You climb downwards.
The iguana hisses angrily.
Found a stone staircase leading down.
There is a stone staircase leading up here.
There are monsters nearby!
Waypoint 3 assigned to D:4.
You shoot an arrow. The endoplasm quivers.
The arrow hits the iguana but does no damage.
You shoot an arrow. The arrow completely misses the iguana.
You shoot an arrow.
The arrow hits the iguana but does no damage.
The endoplasm hits you but does no damage.
The iguana bites you!
2417 ||| STAIRDANCE The endoplasm hits you.
The iguana bites you!
You climb upwards.
There is a stone staircase leading down here.
Enter note:
Enter note:
Enter note:
Enter note:
Enter note:
Enter note:
Enter note:
Enter note:
Enter note: You shoot an arrow.
The arrow completely misses the iguana.
The endoplasm freezes you.
You are frozen.
The iguana bites you!
You shoot an arrow.
The arrow hits the iguana but does no damage.
The endoplasm barely misses you. The iguana bites you!
You die...

#.###.###...........#.#
#.# #.# #.#............
#.###+###..............
#...........#########.#
#......##.....# #....#
#......###..#.####.####
#..........##...##.....
######.###.####.#######
#@l...............
#J###.####.###...# #.#
#.# #.#####.# #.###.#
#.......#
####.....#########...
#.............# #...
#.......#.....## #.#.
#.......+.....[# #.#.
#.....).#......# #.#.


You could see an iguana and an endoplasm.

Vanquished Creatures
  An adder (D:2)
  A worm (D:2)
  2 dart slugs
  8 orcs (D:3)
  2 ball pythons
  4 bats
  8 endoplasms
  4 giant cockroaches (D:1)
  5 goblins
  3 hobgoblins
  4 jackals (D:1)
  A quokka (D:1)
  3 frilled lizards
  5 kobolds
  6 rats
57 creatures vanquished.

Notes
Turn   | Place    | Note
-------+----------+-------------------------------------------
     0 | D:1      | qw the Minotaur Hunter began the quest for the Orb.
     0 | D:1      | Reached XP level 1. HP: 18/18 MP: 0/0
     0 | D:1      | 0 ||| qw: Version: 0.2-a-122-gbc61b45
     0 | D:1      | 0 ||| qw: Game counter: 3641
     0 | D:1      | 0 ||| qw: Always use a shield: true
     0 | D:1      | 0 ||| qw: God list: Okawaru
     0 | D:1      | 0 ||| qw: Allow faded altars: false
     0 | D:1      | 0 ||| qw: Do Orc after D:15 true
     0 | D:1      | 0 ||| qw: Do second Lair branch before Depths: true
     0 | D:1      | 0 ||| qw: Lair rune preference: random
     0 | D:1      | 0 ||| qw: Plans: Normal
     0 | D:1      | 0 ||| PLANNING D:1-11
    10 | D:1      | Found Oxoga's Magic Scroll Shoppe.
    20 | D:1      | 20 ||| SHOPLISTING 3 scrolls of teleportation (99 gold,
                  | have 0).
    20 | D:1      | 20 ||| SHOPLISTING scroll of identify (22 gold, have 0).
    22 | D:1      | Found Xamecw's Jewellery Shop.
    27 | D:1      | 27 ||| SHOPLISTING +6 ring of dexterity (396 gold, have 0).
    27 | D:1      | 27 ||| SHOPLISTING amulet "Imerr" {Faith rC+} (594 gold,
                  | have 0).
    27 | D:1      | 27 ||| SHOPLISTING amulet of the acrobat (330 gold, have
                  | 0).
    27 | D:1      | 27 ||| SHOPLISTING ring "Foukliv" {rC+ rN+ rCorr Dex+4}
                  | (512 gold, have 0).
    27 | D:1      | 27 ||| SHOPLISTING ring of Wariness {MP+9 Int+2 Dex+6} (727
                  | gold, have 0).
    27 | D:1      | 27 ||| SHOPLISTING ring of willpower (275 gold, have 0).
   199 | D:1      | Reached XP level 2. HP: 25/25 MP: 1/1
   315 | D:1      | Reached skill level 5 in Ranged Weapons
   340 | D:1      | Found Nuxecvuh's Distillery.
   348 | D:1      | 348 ||| BUYING potion of curing (36 gold).
   348 | D:1      | Bought a potion of curing for 36 gold pieces
   348 | D:1      | 348 ||| SHOPLISTING potion of haste (120 gold, have 9).
   348 | D:1      | 348 ||| SHOPLISTING potion of heal wounds (60 gold, have
                  | 9).
   348 | D:1      | 348 ||| SHOPLISTING potion of resistance (120 gold, have
                  | 9).
   684 | D:1      | Reached skill level 3 in Fighting
   853 | D:1      | Reached XP level 3. HP: 31/31 MP: 2/2
   975 | D:1      | 975 ||| READING scroll labelled POSKEC FIROKE.
   976 | D:1      | 976 ||| READING scroll labelled EFFUSIHYSIN.
   977 | D:1      | 977 ||| READING scroll labelled YBAHUR JAGE.
   978 | D:1      | 978 ||| DROPPING scroll of butterflies.
  1220 | D:2      | Found a faded altar of an unknown god.
  1348 | D:2      | Found Pawnaruxu's General Store.
  1367 | D:2      | 1367 ||| BUYING +0 ring mail (52 gold).
  1367 | D:2      | Bought a +0 ring mail for 52 gold pieces
  1526 | D:2      | 1526 ||| UPGRADING to +0 ring mail.
  1536 | D:2      | 1536 ||| DROPPING +0 leather armour.
  1537 | D:2      | 1537 ||| READING scroll labelled SAHUKHLA JEKK.
  1538 | D:2      | 1538 ||| READING scroll labelled HESCHA BUCKAONT.
  1540 | D:2      | 1540 ||| Stepping ~*~*~tactically~*~*~ (cloud).
  1648 | D:3      | Found a shadowy altar of Dithmenos.
  1663 | D:3      | Reached skill level 1 in Armour
  1730 | D:3      | Reached XP level 4. HP: 33/38 MP: 3/3
  1958 | D:3      | Reached skill level 6 in Ranged Weapons
  1985 | D:3      | Found a glowing golden altar of the Shining One.
  2377 | D:3      | 2377 ||| READING scroll labelled ETYEMI CADUPNU.
  2417 | D:4      | 2417 ||| STAIRDANCE
  2419 | D:3      | HP: 4/38 [iguana (9)]
  2420 | D:3      | Mangled by an iguana

Levels and vault maps discovered:
D:1:      minmay_arrival_shattered_statue, layout_basic, serial_shops, shop,
          nicolae_shop_pleasant_corner_grove, shop_fountains, serial_forest,
          infiniplex_forest_lined_1, infiniplex_forest_clump_small,
          infiniplex_forest_clump_C, infiniplex_forest_clump_curved,
          infiniplex_forest_end_1, infiniplex_forest_end_2,
          infiniplex_forest_lined_room_3, infiniplex_forest_lined_corner
D:2:      layout_basic, hellmonk_ecumenical_altar_heavens_door, serial_shops,
          shop_fountains
D:3:      layout_basic, grunt_dithmenos_smoke, lemuel_doored_altar,
          roderic_roman_lattice
D:4:      layout_basic

Skill      XL: |  1  2  3  4 |
---------------+-------------+-----
Ranged Weapons | 5 6 |  6.0
Fighting       | 3 |  3.1
Armour         | 1 |  1.0
Dodging        | |  2.1
Stealth        | |  0.7

Action                     |  1- 3 |  4- 6 || total
---------------------------+-------+-------++-------
   Fire: Shortbow          |   112 |    35 ||   147
    Use: Scroll            |     5 |     1 ||     6
 Armour: Leather armour    |     8 |       ||     8
         Ring mail         |       |     2 ||     2
  Dodge: Dodged            |    17 |     8 ||    25

Table legend:
 A = Non-vault XP
 B = Vault XP
 C = Vault XP percentage of total XP
 D = Non-vault monster count
 E = Vault monster count
 F = Vault count percentage of total count
                 A         B        C        D         E       F
            +---------+---------+-------+---------+---------+-------
      Total |     124 |       0 |   0.0 |      57 |       0 |   0.0
            +---------+---------+-------+---------+---------+-------
        D:1 |      48 |       0 |   0.0 |      27 |       0 |   0.0
        D:2 |      34 |       0 |   0.0 |      12 |       0 |   0.0
        D:3 |      42 |       0 |   0.0 |      18 |       0 |   0.0
            +---------+---------+-------+---------+---------+-------
